 Dungeon Crawl Stone Soup version 0.29.1-14-g9c671dbff4 (webtiles) character file.

Game seed: 6161059918994227967

259 Ovid the Magician (level 6, -1/42 HPs)
             Began as a Djinni Enchanter on Feb 17, 2023.
             Was a Plaything of Xom.
             Slain by a shadow imp (3 damage)
             ... on level 5 of the Dungeon.
             The game lasted 00:18:56 (4468 turns).

Ovid the Magician (Djinni Enchanter)                Turns: 4468, Time: 00:18:56

Health: -1/42      AC:  4    Str:  6      XL:     6   Next: 40%
Gold:   158        EV: 13    Int: 13 (16) God:    Xom [......] SH:  0 Dex: 17

rFire   + + .      SeeInvis +   s - +1 war axe (elec)
rCold   x . .      Faith    .   (no shield)
rNeg    . . .      Spirit   .   b - +2 robe
rPois   ∞          Reflect  .   (no helmet)
rElec   .          Harm     .   (no cloak)
rCorr   .          Rampage  .   (no gloves)
Will    +....      Rage     3%  (boots unavailable)
Stlth   ++........              l - amulet of regeneration
HPRegen 0.00/turn               y - ring of see invisible
MPRegen 0.00/turn               g - ring of willpower

@: flying, inhibited regen
A: sickness immunity, fire resistance 2, cold vulnerability 1, float, innate
caster, HP casting, extra vitality 1, agile 1, berserk 1, dopey 1, inhibited
regeneration, inability to read after injury 1
a: Renounce Religion


You were on level 5 of the Dungeon.
You worshipped Xom.
You were a very special plaything of Xom.
You visited 1 branch of the dungeon, and saw 5 of its levels.

You collected 158 gold pieces.

Inventory:

Hand Weapons
 a - a +1 dagger
 h - a +3 short sword
 j - a +2 dagger of draining
 s - a +1 war axe of electrocution (weapon)
Missiles
 i - 5 curare-tipped darts (quivered)
 v - 2 boomerangs
Armour
 b - a +2 robe (worn)
Jewellery
 d - a ring of ice
 g - a ring of willpower (right hand)
 l - an amulet of regeneration (around neck)
 y - a ring of see invisible (left hand)
Wands
 u - a wand of flame (14)
Scrolls
 t - a scroll of amnesia
 z - a scroll of vulnerability
Potions
 c - 2 potions of invisibility
 e - a potion of attraction
 k - a potion of might
 m - a potion of ambrosia
 n - a potion of cancellation {unknown}
 o - a potion of lignification
 p - a potion of brilliance {unknown}
 q - a potion of degeneration {unknown}
 x - a potion of resistance {unknown}
 A - a potion of mutation


   Skills:
 * Level 1.2 Fighting
 * Level 1.7 Short Blades
 * Level 1.3 Axes
 * Level 0.8 Throwing
 * Level 1.4 Armour
 * Level 3.0 Dodging
 * Level 3.3 Stealth
 * Level 3.3 Spellcasting


You couldn't memorise any spells.
You knew the following spells:

 Your Spells              Type           Power      Damage    Failure   Level
a - Ensorcelled Hibernat  Hex/Ice        20%        N/A       9%          2
b - Confusing Touch       Hex            10%        N/A       17%         3
c - Tukima's Dance        Hex            10%        N/A       17%         3
d - Dazzling Flash        Conj/Hex       20%        N/A       17%         3
e - Magic Dart            Conj           40%        1d5       5%          1
f - Passwall              Tmut/Erth      8%         N/A       9%          2
Your spell library was empty.

Dungeon Overview and Level Annotations

Branches:
Dungeon (5/15)
 Temple: D:4-7

Altars:
Xom


Innate Abilities, Weirdness & Mutations

You are immune to sickness and miasma.
You are immune to poison.
Your flesh is very heat resistant. (rF++)
You are vulnerable to cold. (rC-)
You float through the air rather than walking.
You learn spells naturally, not from books.
Your magical power is your life essence.
You have superior vitality. (+4 MHP)
You are agile. (Dex +4, Str/Int -1)
You sometimes lose your temper in combat.
You are dopey. (Int -2)
You do not regenerate when monsters are visible.
You occasionally lose the ability to read scrolls when taking damage.


Message History

The neqoxec gestures at you.
Something tries to feed on your intellect!
The neqoxec degenerates into a cloud of primal chaos!
The crimson imp blinks!
The neqoxec gestures at you.
Strange energies course through your body.
Your skeletal structure returns to normal.
A shadow imp comes into view.
The shadow imp shouts!
The shadow imp laughs crazily.
You closely miss the shadow imp. The shadow imp closely misses you.
You barely miss the shadow imp.
The crimson imp blinks!
The shadow imp hits you.
* * * LOW HITPOINT WARNING * * *
The neqoxec gestures at you.
You feel dopey. Something feeds on your intellect! The shadow imp hits you.
* * * LOW HITPOINT WARNING * * *
You barely miss the shadow imp. The shadow imp barely misses you.
You hit the shadow imp.
The shadow imp is lightly wounded.
The shadow imp hits you but does no damage.
You hit the shadow imp.
The shadow imp is moderately wounded.
You closely miss the neqoxec.
The shadow imp hits you but does no damage.
The neqoxec barely misses you. The shadow imp misses you.
You closely miss the shadow imp.
The shadow imp is moderately wounded.
You barely miss the neqoxec.
You recover from your berserk rage.
The neqoxec hits you but does no damage.
The shadow imp barely misses you. The neqoxec hits you.
* * * LOW HITPOINT WARNING * * *
Okay, then.
It was a potion of mutation.
You feel extremely strange.
You feel healthier.
Your magic regains its normal vibrancy.
You feel agile.
Xom thinks this is hilarious!
The shadow imp hits you.
You die...

#.# ###.###.##..........#
#.## .. ##.##......>..##
...###...... #.........##..#
....)#........!#.#..<...##.#
.....#....... #.######.# .#
.†........... #.# ... #
............####.# #.#.#
..............##5# .. .
..............##@# #..
..............53.#
..............##.#
..............####
..............#
.............##
.3....#.....## .....########
.$...#


You could see a neqoxec (summoned), a crimson imp (summoned) and a shadow imp.

Vanquished Creatures
  3 hounds
  An orc wizard (D:5)
  2 iguanas (D:5)
  2 adders
  A white imp (D:4)
  A worm (D:2)
  2 dart slugs
  2 orcs
  4 ball pythons
  6 endoplasms
  3 giant cockroaches
  3 hobgoblins
  4 quokkas
  5 bats
  2 frilled lizards
  3 goblins
  6 kobolds
  4 rats
54 creatures vanquished.

Vanquished Creatures (collateral kills)
  3 orcs (D:5)
  A giant cockroach (D:1)
  A kobold (D:1)
5 creatures vanquished.

Grand Total: 59 creatures vanquished

Notes
Turn   | Place    | Note
-------+----------+-------------------------------------------
     0 | D:1      | Ovid the Djinni Enchanter began the quest for the Orb.
     0 | D:1      | Ovid set off with the following spells memorised:
                  | Ensorcelled Hibernation, Confusing Touch, Tukima's Dance,
                  | Dazzling Flash.
     0 | D:1      | Reached XP level 1. HP: 15/15 MP: 0/0
   392 | D:1      | Reached XP level 2. HP: 21/21 MP: 0/0
   447 | D:2      | Reached skill level 1 in Short Blades
   605 | D:2      | Found a shimmering altar of Xom.
   640 | D:2      | Became a worshipper of Xom of Bone-Dry Humour
   735 | D:2      | XOM: silly message
   805 | D:2      | Reached XP level 3. HP: 20/25 MP: 0/0
   805 | D:2      | Learned a level 1 spell: Magic Dart
   870 | D:2      | XOM: divination: detect creatures
  1219 | D:2      | XOM: silly message
  1674 | D:1      | XOM: silly message
  2344 | D:3      | XOM: scenery: create altars
  2345 | D:3      | Reached XP level 4. HP: 25/31 MP: 0/0
  2360 | D:3      | XOM: 3-stop teleportation journey
  2506 | D:3      | XOM: give mutation
  2506 | D:3      | Gained mutation: You occasionally lose the ability to read
                  | scrolls when taking damage. [Xom's mischief]
  2635 | D:3      | XOM: noise
  2871 | D:3      | XOM: stat loss: -1 Str (6/7)
  3136 | D:3      | You are sucked into a shaft and drop 2 floors!
  3136 | D:5      | Entered Level 5 of the Dungeon
  3172 | D:4      | XOM: 2-stop teleportation journey
  3183 | D:4      | Reached skill level 1 in Armour
  3316 | D:4      | XOM: noise
  3575 | D:4      | Reached XP level 5. HP: 13/36 MP: 0/0
  3575 | D:4      | Learned a level 2 spell: Passwall
  3576 | D:4      | Reached skill level 1 in Fighting
  4308 | D:5      | Noticed a black bear
  4313 | D:5      | XOM: 1-stop teleportation journey
  4349 | D:5      | Reached skill level 1 in Axes
  4355 | D:5      | Reached XP level 6. HP: 20/42 MP: 0/0
  4364 | D:5      | XOM: give mutations
  4364 | D:5      | Gained mutation: You are dopey. (Int -2) [Xom's mischief]
  4364 | D:5      | Gained mutation: You do not regenerate when monsters are
                  | visible. [Xom's mischief]
  4364 | D:5      | Gained mutation: You have a somewhat thin skeletal
                  | structure. (Dex +2, Stealth+) [Xom's mischief]
  4410 | D:5      | XOM: silly message
  4412 | D:5      | Noticed a shapeshifter
  4412 | D:5      | a black bear changed into a shapeshifter
  4412 | D:5      | XOM: polymorph black bear -> shapeshifter
  4412 | D:5      | Noticed a guardian serpent
  4412 | D:5      | a shapeshifter changed into a guardian serpent
  4414 | D:5      | XOM: chaos cloud
  4415 | D:5      | Paralysed by you for 3 turns
  4415 | D:5      | Noticed an unseen horror
  4415 | D:5      | a guardian serpent changed into an unseen horror
  4420 | D:5      | XOM: 4-stop teleportation journey
  4442 | D:5      | XOM: summons 3 hostile demons
  4443 | D:5      | Noticed a neqoxec
  4443 | D:5      | Noticed a neqoxec
  4444 | D:5      | Gained mutation: Your body sometimes deteriorates upon
                  | taking damage. [a neqoxec]
  4446 | D:5      | Gained mutation: You sometimes lose your temper in combat.
                  | [a neqoxec]
  4451 | D:5      | Gained mutation: Your spells are a little easier to cast,
                  | but a little less powerful. [a neqoxec]
  4459 | D:5      | Lost mutation: You have a somewhat thin skeletal structure.
                  | (Dex +2, Stealth+) [a neqoxec]
  4467 | D:5      | HP: 2/42 [neqoxec[Xom] (5)]
  4468 | D:5      | Lost mutation: Your body sometimes deteriorates upon taking
                  | damage. [potion of mutation]
  4468 | D:5      | Lost mutation: Your spells are a little easier to cast, but
                  | a little less powerful. [potion of mutation]
  4468 | D:5      | Gained mutation: You are agile. (Dex +4, Str/Int -1)
                  | [potion of mutation]
  4468 | D:5      | Slain by a shadow imp

Illustrated notes

Levels and vault maps discovered:
D:1:      dpeg_arrival_boxes_within_box, layout_loops_ring
D:2:      layout_loops_ring, basic_altar
D:3:      layout_basic
D:4:      layout_loops_ring, grunt_tough_drop
D:5:      minmay_spotlight, layout_rooms, minmay_hollow_rounded_squares,
          uniq_eustachio

Skill      XL: |  1  2  3  4  5  6 |
---------------+-------------------+-----
Short Blades   | 1 |  1.7
Spellcasting   | 3 |  3.3
Armour         | 1 |  1.4
Stealth        | 3 |  3.3
Fighting       | 1 |  1.2
Axes           | 1 |  1.3
Dodging        | 3 |  3.0
Throwing       | |  0.8

Action                   |  1- 3 |  4- 6 || total
-------------------------+-------+-------++-------
Melee: Dagger            |    45 |       ||    45
       Short sword       |     7 |    16 ||    23
       War axe           |       |    80 ||    80
Throw: Dart              |     3 |       ||     3
 Cast: Ensorcelled Hiber |    19 |    15 ||    34
       Tukima's Dance    |     7 |     6 ||    13
       Confusing Touch   |       |     6 ||     6
  Use: Scroll            |     6 |    10 ||    16
       Potion            |     1 |     7 ||     8
 Stab: Invisible         |     1 |       ||     1
       Sleeping          |    19 |    11 ||    30
       Confused          |       |     2 ||     2
Armor: Robe              |    13 |    38 ||    51
Dodge: Dodged            |    40 |   138 ||   178
